Icehogs vs Crunch
Created - January 11, 2022 at 19:45
Goals
|
| Icehogs |
1 |
2 |
3 |
6 |
| Crunch |
0 |
1 |
1 |
2 |
|
Shots
|
| Icehogs |
10 |
11 |
10 |
31 |
| Crunch |
6 |
10 |
10 |
26 |
|
1st period
1. Icehogs , Craig Cunningham 8 (Ryan Hartman 11, Sam Reinhart 3) at 8:50
Penalties :
Michael Downing (Syr) for High sticking (Minor) at 10:19, Anatoli Golyshev (Syr) for Cross-checking (Minor) at 15:57
2nd period
2. Icehogs , Rhett Rakhshani 4 (Mattias Janmark 6, Jackson Cates 1) at 9:45
3. Crunch , Teemu Hartikainen 6 (Nicolas Aube-Kubel 7) at 17:13 (PP)
4. Icehogs , Mikhail Grigorenko 4 (Curtis Lazar 10, Nick Mattson 4) at 17:29
Penalties :
Anthony Cirelli (Syr) for Hooking (Minor) at 0:44, Petter Granberg (Roc) for Interference (Minor) at 6:45, Ben Harpur (Roc) for Charging (Minor) at 15:26
3rd period
5. Icehogs , Craig Cunningham 9 (Ryan Hartman 12, Sam Reinhart 4) at 5:10 (PP)
6. Icehogs , Mattias Janmark 5 (Petter Granberg 5) at 10:03
7. Icehogs , Jackson Cates 1 (Julius Honka 1, Philippe Myers 1) at 11:45
8. Crunch , Anthony Cirelli 4 (William Nylander 13, Jeremy Lauzon 3) at 14:30
Penalties :
Jeremy Lauzon (Syr) for Hooking (Minor) at 5:03, Brock Boeser (Syr) for Holding (Minor) at 5:25, Dalton Smith (Syr) for Holding (Minor) at 15:27
Goalie Stats
Mackenzie Blackwood (Roc), 24 saves from 26 shots - (0.923), W, 2-2-0, 60:00 minutes
Kaapo Kahkonen (Syr), 25 saves from 31 shots - (0.806), L, 5-5-3, 60:00 minutes
Players Stats for Icehogs
Player Name G A P +/- PIM S H SB GA TA FO MP PP MP PK MP
------------------------------------------------------------------------------------
Ben Harpur 0 0 0 0 2 3 0 1 2 1 0/0 27:28 6:09 1:59
Craig Cunningham 2 0 2 1 0 3 0 1 1 1 1/2 21:38 5:23 2:47
Curtis Lazar 0 1 1 1 0 1 1 0 0 0 0/0 16:35 4:34 0:16
Dillon Dube 0 0 0 0 0 1 1 0 0 0 3/6 8:15 0:05 0:00
Jackson Cates 1 1 2 2 0 1 1 0 0 0 2/4 12:32 0:00 0:00
Julius Honka 0 1 1 2 0 1 1 1 0 0 0/0 12:45 0:00 1:39
Mattias Janmark 1 1 2 2 0 3 3 0 0 0 0/0 13:06 0:05 0:16
Mike Reilly 0 0 0 1 0 1 1 3 1 0 0/0 21:59 3:53 2:07
Mikhail Grigorenko 1 0 1 1 0 3 2 0 1 0 0/0 17:19 4:34 0:43
Myles Bell 0 0 0 0 0 3 0 0 1 0 0/0 7:57 0:00 0:00
Nick Mattson 0 1 1 1 0 1 3 1 0 1 0/0 20:28 3:53 0:36
Nikita Scherbak 0 0 0 0 0 1 0 1 0 0 1/1 8:15 0:05 0:00
Petter Granberg 0 1 1 1 2 2 2 2 0 1 0/0 26:43 6:09 1:11
Philippe Myers 0 1 1 3 0 1 0 2 0 0 0/0 10:52 0:00 0:00
Rhett Rakhshani 1 0 1 2 0 1 2 0 0 0 0/0 12:32 0:00 0:00
Ryan Hartman 0 2 2 1 0 0 0 0 0 0 27/40 21:38 5:23 2:47
Sam Reinhart 0 2 2 1 0 5 0 0 1 1 1/1 18:51 5:23 0:00
Tanner Richard 0 0 0 1 0 0 4 0 0 0 1/7 17:19 4:34 0:43
Players Stats for Crunch
Player Name G A P +/- PIM S H SB GA TA FO MP PP MP PK MP
------------------------------------------------------------------------------------
Anatoli Golyshev 0 0 0 0 2 4 1 0 0 0 0/0 10:25 0:00 1:16
Anthony Cirelli 1 0 1 -2 2 1 2 0 0 0 14/30 18:07 1:34 1:25
Brendan Guhle 0 0 0 0 0 3 2 2 0 1 0/0 26:48 2:36 5:38
Brock Boeser 0 0 0 -2 2 3 2 0 1 0 0/2 19:15 1:34 2:22
Charles-Olivier Roussel 0 0 0 -2 0 1 2 2 0 1 0/0 20:18 1:10 4:24
Christoffer Ehn 0 0 0 -1 0 0 0 0 0 0 3/5 12:47 2:12 0:00
Connor Bunnaman 0 0 0 0 0 0 1 0 0 0 1/6 8:46 0:00 0:00
Dalton Smith 0 0 0 -1 2 2 0 0 0 0 0/0 13:20 0:00 1:50
Dylan Strome 0 0 0 -1 0 0 0 1 1 0 4/8 11:18 0:00 0:00
Jacob Larsson 0 0 0 -2 0 0 1 2 0 2 0/0 20:18 1:10 4:24
Jeremy Lauzon 0 1 1 0 2 0 3 0 2 1 0/0 26:32 2:36 5:23
Kevin Fiala 0 0 0 -1 0 1 1 0 0 0 0/0 11:18 0:00 0:00
Kyle Capobianco 0 0 0 -2 0 0 0 2 0 0 0/0 13:09 0:00 0:15
Max McCormick 0 0 0 0 0 0 0 0 0 0 0/0 0:06 0:00 0:00
Michael Downing 0 0 0 -2 2 0 0 2 0 1 0/0 13:00 0:00 0:00
Mitch Callahan 0 0 0 0 0 2 1 0 0 0 0/0 8:46 0:00 0:00
Nicolas Aube-Kubel 0 1 1 -1 0 2 3 0 0 0 0/1 16:05 2:12 3:00
Teemu Hartikainen 1 0 1 -1 0 2 2 1 0 0 0/1 17:56 2:12 5:08
William Nylander 0 1 1 -2 0 5 0 3 1 1 3/8 21:38 1:34 5:03
3 Stars
1 - Mattias Janmark (Roc)
2 - Craig Cunningham (Roc)
3 - Jackson Cates (Roc)
Power Play
Icehogs - 1 on 6 Attempt(s) - 16.67%
Crunch - 1 on 2 Attempt(s) - 50.00%
Penalty Kill
Icehogs - 1 on 2 Attempt(s) - 50.00%
- Score 0 goal in Penalty Kill
Crunch - 5 on 6 Attempt(s) - 83.33%
- Score 0 goal in Penalty Kill
Team Stat
Icehogs - Hits : 21 - Faceoff Wins : 36 - Blocked Shots : 12 - Penalty Minutes : 4
Crunch - Hits : 21 - Faceoff Wins : 25 - Blocked Shots : 15 - Penalty Minutes : 12
Official
Referees : Graham Skilliter and Chris Lee
Linesman : Travis Toomey and Steve Barton
Game Notes
No Game Note
Finance
Level 1 -- Attendance: 1663 (83.15%) -- Ticket Income $58,205
Level 2 -- Attendance: 868 (86.80%) -- Ticket Income $13,020
Total Attendance: 2531 (84.37%)
Total Ticket Income: $71,225
Other Income: $3,561
Total Income: $74,786
Icehogs
5 vs 5 Forward
Center Left Wing Right Wing Time % Phy DF OF
1 Ryan Hartman Craig Cunningham Sam Reinhart 40 1 2 2
2 Tanner Richard Mikhail Grigorenko Curtis Lazar 30 1 2 2
3 Jackson Cates Mattias Janmark Rhett Rakhshani 20 1 2 2
4 Dillon Dube Myles Bell Nikita Scherbak 10 1 2 2
5 vs 5 Defense
Defense Defense Time % Phy DF OF
1 Petter Granberg Ben Harpur 40 1 2 2
2 Nick Mattson Mike Reilly 30 1 2 2
3 Julius Honka Philippe Myers 20 1 2 2
4 Petter Granberg Ben Harpur 10 1 2 2
PowerPlay Forward
Center Left Wing Right Wing Time % Phy DF OF
1 Ryan Hartman Craig Cunningham Sam Reinhart 60 1 2 2
2 Tanner Richard Mikhail Grigorenko Curtis Lazar 40 1 2 2
PowerPlay Defense
Defense Defense Time % Phy DF OF
1 Petter Granberg Ben Harpur 60 1 2 2
2 Nick Mattson Mike Reilly 40 1 2 2
Penalty Kill 4 Players Forward
Center Wing Time % Phy DF OF
1 Ryan Hartman Craig Cunningham 60 1 2 2
2 Tanner Richard Mikhail Grigorenko 40 1 2 2
Penalty Kill 4 Players Defense
Defense Defense Time % Phy DF OF
1 Petter Granberg Ben Harpur 60 1 2 2
2 Nick Mattson Mike Reilly 40 1 2 2
Penalty Kill - 3 Players Forward
Forward Time % Phy DF OF
1 Ryan Hartman 60 1 2 2
2 Tanner Richard 40 1 2 2
Penalty Kill - 3 Players Defense
Defense Defense Time % Phy DF OF
1 Petter Granberg Ben Harpur 60 1 2 2
2 Nick Mattson Mike Reilly 40 1 2 2
4 vs 4 Forward
Center Wing Time % Phy DF OF
1 Ryan Hartman Craig Cunningham 60 1 2 2
2 Tanner Richard Mikhail Grigorenko 40 1 2 2
4 vs 4 Defense
Defense Defense Time % Phy DF OF
1 Petter Granberg Ben Harpur 60 1 2 2
2 Nick Mattson Mike Reilly 40 1 2 2
Last Minutes Offensive
Center Left Wing Right Wing Defense Defense
Ryan Hartman Craig Cunningham Sam Reinhart Petter Granberg Ben Harpur
Last Minutes Defensive
Center Left Wing Right Wing Defense Defense
Ryan Hartman Craig Cunningham Sam Reinhart Petter Granberg Ben Harpur
Goaltenders
Starting : Mackenzie Blackwood
Backup : Joe Cannata
Extra Forwards
Normal : Curtis Lazar, Dillon Dube, Rhett Rakhshani - PP : Curtis Lazar, Dillon Dube - PK : Curtis Lazar
Extra Defensemen
Normal : Mike Reilly, Julius Honka, Philippe Myers - PP : Mike Reilly - PK : Mike Reilly, Julius Honka
Penalty Shots
Ryan Hartman, Craig Cunningham, Tanner Richard, Sam Reinhart, Curtis Lazar
Scratches
Calle Andersson (Healthy), Clark Bishop (Healthy), Duncan Siemens (Healthy), JJ. Piccinich (Healthy), Kurtis Gabriel (Healthy)
Michael Chaput (Torn Left ACL Injury), Nick Paul (Healthy), Patrick Russell (Healthy), Patrick Sieloff (Healthy), Ross Johnston (Healthy)
Zach Whitecloud (Healthy), Jeremy Davies (Healthy), Michael Giugovaz (Healthy), Jack LaFontaine (Healthy)
Crunch
5 vs 5 Forward
Center Left Wing Right Wing Time % Phy DF OF
1 Anthony Cirelli William Nylander Brock Boeser 40 1 2 2
2 Christoffer Ehn Teemu Hartikainen Nicolas Aube-Kubel 30 1 2 2
3 Dylan Strome Dalton Smith Kevin Fiala 20 1 2 2
4 Connor Bunnaman Anatoli Golyshev Mitch Callahan 10 1 2 2
5 vs 5 Defense
Defense Defense Time % Phy DF OF
1 Brendan Guhle Jeremy Lauzon 40 1 2 2
2 Charles-Olivier Roussel Jacob Larsson 30 1 2 2
3 Michael Downing Kyle Capobianco 20 1 2 2
4 Brendan Guhle Jeremy Lauzon 10 1 2 2
PowerPlay Forward
Center Left Wing Right Wing Time % Phy DF OF
1 Anthony Cirelli William Nylander Brock Boeser 60 1 2 2
2 Christoffer Ehn Teemu Hartikainen Nicolas Aube-Kubel 40 1 2 2
PowerPlay Defense
Defense Defense Time % Phy DF OF
1 Brendan Guhle Jeremy Lauzon 60 1 2 2
2 Charles-Olivier Roussel Jacob Larsson 40 1 2 2
Penalty Kill 4 Players Forward
Center Wing Time % Phy DF OF
1 William Nylander Teemu Hartikainen 60 1 2 2
2 Brock Boeser Nicolas Aube-Kubel 40 1 2 2
Penalty Kill 4 Players Defense
Defense Defense Time % Phy DF OF
1 Brendan Guhle Jeremy Lauzon 60 1 2 2
2 Charles-Olivier Roussel Jacob Larsson 40 1 2 2
Penalty Kill - 3 Players Forward
Forward Time % Phy DF OF
1 William Nylander 60 1 2 2
2 Teemu Hartikainen 40 1 2 2
Penalty Kill - 3 Players Defense
Defense Defense Time % Phy DF OF
1 Brendan Guhle Jeremy Lauzon 60 1 2 2
2 Charles-Olivier Roussel Jacob Larsson 40 1 2 2
4 vs 4 Forward
Center Wing Time % Phy DF OF
1 William Nylander Teemu Hartikainen 60 1 2 2
2 Brock Boeser Nicolas Aube-Kubel 40 1 2 2
4 vs 4 Defense
Defense Defense Time % Phy DF OF
1 Brendan Guhle Jeremy Lauzon 60 1 2 2
2 Charles-Olivier Roussel Jacob Larsson 40 1 2 2
Last Minutes Offensive
Center Left Wing Right Wing Defense Defense
Anthony Cirelli William Nylander Brock Boeser Brendan Guhle Jeremy Lauzon
Last Minutes Defensive
Center Left Wing Right Wing Defense Defense
Anthony Cirelli William Nylander Brock Boeser Brendan Guhle Jeremy Lauzon
Goaltenders
Starting : Kaapo Kahkonen
Backup : Josef Korenar
Extra Forwards
Normal : Max McCormick, Kevin Fiala, Dalton Smith - PP : Max McCormick, Kevin Fiala - PK : Dalton Smith
Extra Defensemen
Normal : Michael Downing, Kyle Capobianco, Charles-Olivier Roussel - PP : Michael Downing - PK : Kyle Capobianco, Charles-Olivier Roussel
Penalty Shots
William Nylander, Teemu Hartikainen, Brock Boeser, Nicolas Aube-Kubel, Anthony Cirelli
Scratches
Sean Walker (Broken Left Index Finger Injury), Jordan Oesterle (Broken Right Index Finger Injury)
% Time on Ice - Icehogs
Lines # - Real PCT - Wanted PCT - Time Play
Normal Forward
1 - 30% - 40% - 13:41
2 - 26% - 30% - 12:02
3 - 27% - 20% - 12:32
4 - 17% - 10% - 7:57
Normal Defense
1 - 40% - 40% - 18:20
2 - 35% - 30% - 15:59
3 - 23% - 20% - 10:49
4 - 2% - 10% - 1:04
PP Forward
1 - 54% - 60% - 5:28
2 - 46% - 40% - 4:34
PP Defense
1 - 61% - 60% - 6:09
2 - 39% - 40% - 3:53
PK Forward
1 - 81% - 60% - 3:03
2 - 19% - 40% - 0:43
PK Defense
1 - 84% - 60% - 3:10
2 - 16% - 40% - 0:36
PK3 Forward
1 - 0% - 60%
2 - 0% - 40%
PK3 Defense
1 - 0% - 60%
2 - 0% - 40%
44 Forward
1 - 0% - 60%
2 - 0% - 40%
44 Defense
1 - 0% - 60%
2 - 0% - 40%
Last Minute Offensive - 0:00
Last Minute Defensive - 0:00
Total
Forward - 60:00
Defense - 60:00
|
% Time on Ice - Crunch
Lines # - Real PCT - Wanted PCT - Time Play
Normal Forward
1 - 33% - 40% - 15:15
2 - 24% - 30% - 10:53
3 - 24% - 20% - 11:18
4 - 19% - 10% - 8:46
Normal Defense
1 - 38% - 40% - 17:26
2 - 32% - 30% - 14:44
3 - 28% - 20% - 12:54
4 - 2% - 10% - 1:08
PP Forward
1 - 42% - 60% - 1:34
2 - 58% - 40% - 2:12
PP Defense
1 - 69% - 60% - 2:36
2 - 31% - 40% - 1:10
PK Forward
1 - 70% - 60% - 7:02
2 - 30% - 40% - 3:00
PK Defense
1 - 56% - 60% - 5:38
2 - 44% - 40% - 4:24
PK3 Forward
1 - 0% - 60%
2 - 0% - 40%
PK3 Defense
1 - 0% - 60%
2 - 0% - 40%
44 Forward
1 - 0% - 60%
2 - 0% - 40%
44 Defense
1 - 0% - 60%
2 - 0% - 40%
Last Minute Offensive - 0:00
Last Minute Defensive - 0:00
Total
Forward - 60:00
Defense - 60:00
|
Play-by-Play
1st period
0:01 of 1st period - Ryan Hartman wins face-off versus Anthony Cirelli in neutral zone.
0:26 of 1st period - Tanner Richard is hit by Teemu Hartikainen and loses puck.
0:53 of 1st period - Wrist shot by Rhett Rakhshani.
0:53 of 1st period - Shot Misses the Net.
1:07 of 1st period - Wrist shot by Anatoli Golyshev.
1:07 of 1st period - Stopped by Mackenzie Blackwood without a rebound.
1:08 of 1st period - Dillon Dube wins face-off versus Connor Bunnaman in Icehogs zone.
2:24 of 1st period - Slapshot by Mattias Janmark.
2:24 of 1st period - Shot Misses the Net.
3:01 of 1st period - Icing by Jeremy Lauzon.
3:02 of 1st period - Ryan Hartman wins face-off versus Anthony Cirelli in Crunch zone.
3:11 of 1st period - Wrist shot by William Nylander.
3:11 of 1st period - Stopped by Mackenzie Blackwood without a rebound.
3:12 of 1st period - Ryan Hartman wins face-off versus Christoffer Ehn in Icehogs zone.
3:47 of 1st period - Snap shot by Tanner Richard.
3:47 of 1st period - Shot Blocked by Charles-Olivier Roussel.
3:49 of 1st period - Slapshot by Tanner Richard.
3:49 of 1st period - Shot Blocked by Jacob Larsson.
4:03 of 1st period - Slapshot by Kevin Fiala.
4:03 of 1st period - Shot Blocked by Mike Reilly.
4:05 of 1st period - Snap shot by Kevin Fiala.
4:05 of 1st period - Stopped by Mackenzie Blackwood without a rebound.
4:06 of 1st period - Ryan Hartman wins face-off versus Dylan Strome in Icehogs zone.
4:15 of 1st period - Wrist shot by Ryan Hartman.
4:15 of 1st period - Shot Misses the Net.
4:23 of 1st period - Slapshot by Dalton Smith.
4:23 of 1st period - Shot Misses the Net.
4:55 of 1st period - Snap shot by Craig Cunningham.
4:55 of 1st period - Shot Misses the Net.
4:57 of 1st period - Snap shot by Ryan Hartman.
4:57 of 1st period - Shot Misses the Net.
4:59 of 1st period - Snap shot by Craig Cunningham.
4:59 of 1st period - Shot Blocked by Dylan Strome.
5:01 of 1st period - Slapshot by Julius Honka.
5:01 of 1st period - Stopped by Kaapo Kahkonen with a rebound.
5:03 of 1st period - Snap shot by Ryan Hartman.
5:03 of 1st period - Shot Misses the Net.
5:05 of 1st period - Snap shot by Craig Cunningham.
5:05 of 1st period - Stopped by Kaapo Kahkonen with a rebound.
5:07 of 1st period - Wrist shot by Julius Honka.
5:07 of 1st period - Shot Blocked by Michael Downing.
5:09 of 1st period - Snap shot by Sam Reinhart.
5:09 of 1st period - Stopped by Kaapo Kahkonen with a rebound.
5:11 of 1st period - Snap shot by Craig Cunningham.
5:11 of 1st period - Shot Misses the Net.
5:25 of 1st period - Backhand shot by Ryan Hartman.
5:25 of 1st period - Shot Blocked by Kyle Capobianco.
5:27 of 1st period - Slapshot by Philippe Myers.
5:27 of 1st period - Stopped by Kaapo Kahkonen without a rebound.
5:28 of 1st period - Anthony Cirelli wins face-off versus Tanner Richard in Crunch zone.
5:53 of 1st period - Jeremy Lauzon is hit by Rhett Rakhshani.
7:03 of 1st period - Nikita Scherbak is hit by Anatoli Golyshev and loses puck.
7:20 of 1st period - Dillon Dube is hit by Charles-Olivier Roussel and loses puck.
7:53 of 1st period - Julius Honka is hit by Mitch Callahan and loses puck.
8:04 of 1st period - Icing by Connor Bunnaman.
8:05 of 1st period - Ryan Hartman wins face-off versus Connor Bunnaman in Crunch zone.
8:12 of 1st period - Wrist shot by Curtis Lazar.
8:12 of 1st period - Shot Misses the Net.
8:14 of 1st period - Wrist shot by Curtis Lazar.
8:14 of 1st period - Deflect By Mikhail Grigorenko.
8:14 of 1st period - Shot Misses the Net.
8:14 of 1st period - Puck is out of play.
8:15 of 1st period - Christoffer Ehn wins face-off versus Tanner Richard in Crunch zone.
8:35 of 1st period - Jacob Larsson is hit by Tanner Richard and loses puck.
8:50 of 1st period - Slapshot by Ryan Hartman.
8:50 of 1st period - Deflect By Craig Cunningham.
8:50 of 1st period - Goal by Craig Cunningham - Icehogs : 1 - Crunch : 0.
8:51 of 1st period - Anthony Cirelli wins face-off versus Ryan Hartman in neutral zone.
8:54 of 1st period - Slapshot by William Nylander.
8:54 of 1st period - Stopped by Mackenzie Blackwood without a rebound.
8:55 of 1st period - Anthony Cirelli wins face-off versus Ryan Hartman in Icehogs zone.
10:19 of 1st period - Minor Penalty to Michael Downing for High sticking.
10:20 of 1st period - William Nylander wins face-off versus Ryan Hartman in Crunch zone.
10:45 of 1st period - Teemu Hartikainen is hit by Curtis Lazar and loses puck.
11:28 of 1st period - Wrist shot by Anatoli Golyshev.
11:28 of 1st period - Shot Misses the Net.
12:19 of 1st period - Penalty to Michael Downing is over, Michael Downing is back on ice.
12:24 of 1st period - Michael Downing is hit by Nick Mattson and loses puck.
12:31 of 1st period - Off-side.
12:32 of 1st period - Dylan Strome wins face-off versus Jackson Cates in neutral zone.
12:37 of 1st period - Snap shot by Dalton Smith.
12:37 of 1st period - Deflect By Kevin Fiala.
12:37 of 1st period - Shot Blocked by Philippe Myers.
12:37 of 1st period - Puck is out of play.
12:38 of 1st period - Dylan Strome wins face-off versus Jackson Cates in Icehogs zone.
12:39 of 1st period - Wrist shot by Kevin Fiala.
12:39 of 1st period - Shot Misses the Net.
12:43 of 1st period - Wrist shot by Kevin Fiala.
12:43 of 1st period - Deflect By Dalton Smith.
12:43 of 1st period - Shot Hit the Post.
12:43 of 1st period - Puck is out of play.
12:44 of 1st period - Anthony Cirelli wins face-off versus Ryan Hartman in Icehogs zone.
12:49 of 1st period - Snap shot by Brock Boeser.
12:49 of 1st period - Shot Blocked by Craig Cunningham.
13:15 of 1st period - Wrist shot by Curtis Lazar.
13:15 of 1st period - Shot Blocked by Charles-Olivier Roussel.
13:30 of 1st period - Off-side.
13:31 of 1st period - Jackson Cates wins face-off versus Dylan Strome in neutral zone.
14:15 of 1st period - Wrist shot by Rhett Rakhshani.
14:15 of 1st period - Shot Misses the Net.
14:41 of 1st period - Off-side.
14:42 of 1st period - Ryan Hartman wins face-off versus Anthony Cirelli in neutral zone.
15:31 of 1st period - Snap shot by Anatoli Golyshev.
15:31 of 1st period - Stopped by Mackenzie Blackwood without a rebound.
15:32 of 1st period - Connor Bunnaman wins face-off versus Dillon Dube in Icehogs zone.
15:51 of 1st period - Wrist shot by Myles Bell.
15:51 of 1st period - Stopped by Kaapo Kahkonen with a rebound.
15:53 of 1st period - Slapshot by Ben Harpur.
15:53 of 1st period - Stopped by Kaapo Kahkonen with a rebound.
15:55 of 1st period - Snap shot by Dillon Dube.
15:55 of 1st period - Stopped by Kaapo Kahkonen with a rebound.
15:57 of 1st period - Minor Penalty to Anatoli Golyshev for Cross-checking.
15:58 of 1st period - Ryan Hartman wins face-off versus William Nylander in Crunch zone.
15:59 of 1st period - Snap shot by Sam Reinhart.
15:59 of 1st period - Stopped by Kaapo Kahkonen with a rebound.
16:01 of 1st period - Wrist shot by Craig Cunningham.
16:01 of 1st period - Shot Blocked by Teemu Hartikainen.
16:03 of 1st period - Slapshot by Petter Granberg.
16:03 of 1st period - Shot Misses the Net.
16:05 of 1st period - Slapshot by Ben Harpur.
16:05 of 1st period - Deflect By Sam Reinhart.
16:05 of 1st period - Shot Blocked by William Nylander.
16:05 of 1st period - Puck is out of play.
16:06 of 1st period - William Nylander wins face-off versus Ryan Hartman in Crunch zone.
17:57 of 1st period - Penalty to Anatoli Golyshev is over, Anatoli Golyshev is back on ice.
18:02 of 1st period - Charles-Olivier Roussel is hit by Mike Reilly and loses puck.
18:13 of 1st period - Wrist shot by Mattias Janmark.
18:13 of 1st period - Stopped by Kaapo Kahkonen with a rebound.
18:33 of 1st period - Jacob Larsson is hit by Dillon Dube and loses puck.
18:54 of 1st period - Snap shot by Teemu Hartikainen.
18:54 of 1st period - Shot Misses the Net.
19:18 of 1st period - Wrist shot by William Nylander.
19:18 of 1st period - Stopped by Mackenzie Blackwood without a rebound.
19:19 of 1st period - William Nylander wins face-off versus Tanner Richard in Icehogs zone.
Goals for this period are 1 for Icehogs vs 0 for Crunch.
Shots for this period are 10 for Icehogs vs 6 for Crunch.
2nd period
0:01 of 2nd period - Ryan Hartman wins face-off versus Anthony Cirelli in neutral zone.
0:14 of 2nd period - Slapshot by Brock Boeser.
0:14 of 2nd period - Shot Misses the Net.
0:26 of 2nd period - Mikhail Grigorenko is hit by Teemu Hartikainen and loses puck.
0:33 of 2nd period - Slapshot by Curtis Lazar.
0:33 of 2nd period - Shot Misses the Net.
0:35 of 2nd period - Wrist shot by Petter Granberg.
0:35 of 2nd period - Stopped by Kaapo Kahkonen without a rebound.
0:36 of 2nd period - Ryan Hartman wins face-off versus Anthony Cirelli in Crunch zone.
0:44 of 2nd period - Minor Penalty to Anthony Cirelli for Hooking.
0:45 of 2nd period - Ryan Hartman wins face-off versus William Nylander in Crunch zone.
0:55 of 2nd period - Wrist shot by Sam Reinhart.
0:55 of 2nd period - Shot Misses the Net.
0:57 of 2nd period - Snap shot by Ben Harpur.
0:57 of 2nd period - Stopped by Kaapo Kahkonen with a rebound.
0:59 of 2nd period - Snap shot by Ryan Hartman.
0:59 of 2nd period - Shot Blocked by William Nylander.
1:01 of 2nd period - Wrist shot by Ryan Hartman.
1:01 of 2nd period - Shot Blocked by Brendan Guhle.
2:41 of 2nd period - Ben Harpur is hit by Nicolas Aube-Kubel and loses puck.
2:44 of 2nd period - Penalty to Anthony Cirelli is over, Anthony Cirelli is back on ice.
2:56 of 2nd period - Michael Downing is hit by Mattias Janmark and loses puck.
3:15 of 2nd period - Rhett Rakhshani is hit by Connor Bunnaman and loses puck.
3:20 of 2nd period - Snap shot by Anatoli Golyshev.
3:20 of 2nd period - Stopped by Mackenzie Blackwood with a rebound.
3:24 of 2nd period - Wrist shot by Anatoli Golyshev.
3:24 of 2nd period - Deflect By Mitch Callahan.
3:24 of 2nd period - Shot Misses the Net.
3:24 of 2nd period - Puck is out of play.
3:25 of 2nd period - Anthony Cirelli wins face-off versus Dillon Dube in Icehogs zone.
3:26 of 2nd period - Snap shot by Brock Boeser.
3:26 of 2nd period - Shot Blocked by Mike Reilly.
3:34 of 2nd period - Snap shot by Nick Mattson.
3:34 of 2nd period - Deflect By Nikita Scherbak.
3:34 of 2nd period - Shot Misses the Net.
3:34 of 2nd period - Puck is out of play.
3:35 of 2nd period - Anthony Cirelli wins face-off versus Dillon Dube in Crunch zone.
4:02 of 2nd period - Wrist shot by Nikita Scherbak.
4:02 of 2nd period - Stopped by Kaapo Kahkonen without a rebound.
4:03 of 2nd period - Christoffer Ehn wins face-off versus Ryan Hartman in Crunch zone.
4:18 of 2nd period - Slapshot by Nicolas Aube-Kubel.
4:18 of 2nd period - Shot Blocked by Petter Granberg.
4:30 of 2nd period - Tanner Richard is hit by Kevin Fiala and loses puck.
4:53 of 2nd period - Slapshot by Brendan Guhle.
4:53 of 2nd period - Stopped by Mackenzie Blackwood without a rebound.
4:54 of 2nd period - Jackson Cates wins face-off versus Connor Bunnaman in Icehogs zone.
5:34 of 2nd period - Snap shot by Mitch Callahan.
5:34 of 2nd period - Deflect By Rhett Rakhshani.
5:34 of 2nd period - Stopped by Mackenzie Blackwood with a rebound.
5:40 of 2nd period - Slapshot by Mike Reilly.
5:40 of 2nd period - Stopped by Kaapo Kahkonen with a rebound.
5:42 of 2nd period - Slapshot by Mike Reilly.
5:42 of 2nd period - Shot Misses the Net.
5:44 of 2nd period - Slapshot by Mike Reilly.
5:44 of 2nd period - Shot Blocked by Michael Downing.
6:02 of 2nd period - Slapshot by Nick Mattson.
6:02 of 2nd period - Deflect By Mattias Janmark.
6:02 of 2nd period - Stopped by Kaapo Kahkonen without a rebound.
6:03 of 2nd period - Anthony Cirelli wins face-off versus Ryan Hartman in Crunch zone.
6:18 of 2nd period - Wrist shot by Craig Cunningham.
6:18 of 2nd period - Deflect By Jeremy Lauzon.
6:18 of 2nd period - Shot Blocked by William Nylander.
6:18 of 2nd period - Puck is out of play.
6:19 of 2nd period - Christoffer Ehn wins face-off versus Tanner Richard in Crunch zone.
6:31 of 2nd period - Petter Granberg is hit by Jeremy Lauzon.
6:33 of 2nd period - Snap shot by Mikhail Grigorenko.
6:33 of 2nd period - Stopped by Kaapo Kahkonen with a rebound.
6:45 of 2nd period - Minor Penalty to Petter Granberg for Interference.
6:46 of 2nd period - Anthony Cirelli wins face-off versus Craig Cunningham in Icehogs zone.
6:51 of 2nd period - Wrist shot by Brock Boeser.
6:51 of 2nd period - Stopped by Mackenzie Blackwood with a rebound.
7:19 of 2nd period - Slapshot by Jeremy Lauzon.
7:19 of 2nd period - Deflect By Nicolas Aube-Kubel.
7:19 of 2nd period - Shot Hit the Post.
7:19 of 2nd period - Puck is out of play.
7:20 of 2nd period - Ryan Hartman wins face-off versus Teemu Hartikainen in Icehogs zone.
7:33 of 2nd period - Snap shot by Teemu Hartikainen.
7:33 of 2nd period - Deflect By Nicolas Aube-Kubel.
7:33 of 2nd period - Stopped by Mackenzie Blackwood without a rebound.
7:34 of 2nd period - Ryan Hartman wins face-off versus Brock Boeser in Icehogs zone.
7:46 of 2nd period - Snap shot by Brock Boeser.
7:46 of 2nd period - Shot Misses the Net.
7:50 of 2nd period - Snap shot by Brock Boeser.
7:50 of 2nd period - Stopped by Mackenzie Blackwood without a rebound.
7:51 of 2nd period - Anthony Cirelli wins face-off versus Ryan Hartman in Icehogs zone.
7:54 of 2nd period - Slapshot by William Nylander.
7:54 of 2nd period - Stopped by Mackenzie Blackwood without a rebound.
7:55 of 2nd period - Ryan Hartman wins face-off versus Brock Boeser in Icehogs zone.
8:45 of 2nd period - Penalty to Petter Granberg is over, Petter Granberg is back on ice.
9:05 of 2nd period - Jacob Larsson is hit by Nick Mattson and loses puck.
9:32 of 2nd period - Kyle Capobianco is hit by Rhett Rakhshani and loses puck.
9:43 of 2nd period - Snap shot by Rhett Rakhshani.
9:43 of 2nd period - Shot Misses the Net.
9:45 of 2nd period - Wrist shot by Rhett Rakhshani.
9:45 of 2nd period - Goal by Rhett Rakhshani - Icehogs : 2 - Crunch : 0.
9:46 of 2nd period - Ryan Hartman wins face-off versus Anthony Cirelli in neutral zone.
10:50 of 2nd period - Snap shot by Sam Reinhart.
10:50 of 2nd period - Stopped by Kaapo Kahkonen without a rebound.
10:51 of 2nd period - Ryan Hartman wins face-off versus Connor Bunnaman in Crunch zone.
11:25 of 2nd period - Snap shot by William Nylander.
11:25 of 2nd period - Shot Blocked by Ben Harpur.
13:02 of 2nd period - Jacob Larsson is hit by Mattias Janmark and loses puck.
13:45 of 2nd period - Wrist shot by Charles-Olivier Roussel.
13:45 of 2nd period - Shot Blocked by Nikita Scherbak.
13:47 of 2nd period - Slapshot by Jacob Larsson.
13:47 of 2nd period - Shot Misses the Net.
13:49 of 2nd period - Slapshot by Charles-Olivier Roussel.
13:49 of 2nd period - Stopped by Mackenzie Blackwood without a rebound.
13:50 of 2nd period - Ryan Hartman wins face-off versus Anthony Cirelli in Icehogs zone.
15:07 of 2nd period - Snap shot by Ryan Hartman.
15:07 of 2nd period - Shot Misses the Net.
15:26 of 2nd period - Minor Penalty to Ben Harpur for Charging.
15:27 of 2nd period - Ryan Hartman wins face-off versus Anthony Cirelli in Icehogs zone.
15:53 of 2nd period - Petter Granberg is hit by Nicolas Aube-Kubel and loses puck.
16:18 of 2nd period - Tanner Richard is hit by Charles-Olivier Roussel and loses puck.
16:29 of 2nd period - Julius Honka is hit by Nicolas Aube-Kubel and loses puck.
16:34 of 2nd period - Wrist shot by Nicolas Aube-Kubel.
16:34 of 2nd period - Shot Misses the Net.
16:46 of 2nd period - Nick Mattson is hit by Jeremy Lauzon and loses puck.
16:57 of 2nd period - Wrist shot by Nicolas Aube-Kubel.
16:57 of 2nd period - Shot Blocked by Mike Reilly.
16:59 of 2nd period - Snap shot by Nicolas Aube-Kubel.
16:59 of 2nd period - Shot Misses the Net.
17:01 of 2nd period - Snap shot by Nicolas Aube-Kubel.
17:01 of 2nd period - Stopped by Mackenzie Blackwood with a rebound.
17:13 of 2nd period - Snap shot by Teemu Hartikainen.
17:13 of 2nd period - Goal by Teemu Hartikainen - Icehogs : 2 - Crunch : 1.
17:14 of 2nd period - Tanner Richard wins face-off versus Anthony Cirelli in neutral zone.
17:29 of 2nd period - Backhand shot by Mikhail Grigorenko.
17:29 of 2nd period - Goal by Mikhail Grigorenko - Icehogs : 3 - Crunch : 1.
17:30 of 2nd period - Ryan Hartman wins face-off versus Anthony Cirelli in neutral zone.
18:20 of 2nd period - Nicolas Aube-Kubel is hit by Jackson Cates and loses puck.
18:33 of 2nd period - Nick Mattson is hit by Anthony Cirelli and loses puck.
18:42 of 2nd period - Snap shot by William Nylander.
18:42 of 2nd period - Shot Blocked by Nick Mattson.
18:54 of 2nd period - Snap shot by Myles Bell.
18:54 of 2nd period - Stopped by Kaapo Kahkonen with a rebound.
19:15 of 2nd period - Wrist shot by Curtis Lazar.
19:15 of 2nd period - Stopped by Kaapo Kahkonen without a rebound.
19:16 of 2nd period - Dylan Strome wins face-off versus Tanner Richard in Crunch zone.
19:29 of 2nd period - Tanner Richard is hit by Jeremy Lauzon and loses puck.
Goals for this period are 2 for Icehogs vs 1 for Crunch.
Shots for this period are 11 for Icehogs vs 10 for Crunch.
3rd period
0:01 of 3rd period - Anthony Cirelli wins face-off versus Ryan Hartman in neutral zone.
0:12 of 3rd period - Snap shot by Jeremy Lauzon.
0:12 of 3rd period - Shot Misses the Net.
0:14 of 3rd period - Snap shot by Brock Boeser.
0:14 of 3rd period - Shot Misses the Net.
0:16 of 3rd period - Slapshot by Brendan Guhle.
0:16 of 3rd period - Stopped by Mackenzie Blackwood with a rebound.
0:26 of 3rd period - Brendan Guhle is hit by Petter Granberg and loses puck.
1:38 of 3rd period - Mattias Janmark is hit by Brendan Guhle and loses puck.
2:56 of 3rd period - Icing by Connor Bunnaman.
2:57 of 3rd period - Nikita Scherbak wins face-off versus Connor Bunnaman in Crunch zone.
3:10 of 3rd period - Snap shot by Sam Reinhart.
3:10 of 3rd period - Stopped by Kaapo Kahkonen with a rebound.
3:18 of 3rd period - Snap shot by Anatoli Golyshev.
3:18 of 3rd period - Stopped by Mackenzie Blackwood with a rebound.
3:34 of 3rd period - Mitch Callahan is hit by Mikhail Grigorenko and loses puck.
4:36 of 3rd period - Kevin Fiala is hit by Tanner Richard.
4:39 of 3rd period - Icing by Jeremy Lauzon.
4:40 of 3rd period - Dylan Strome wins face-off versus Ryan Hartman in Crunch zone.
4:45 of 3rd period - Snap shot by Dalton Smith.
4:45 of 3rd period - Stopped by Mackenzie Blackwood without a rebound.
4:46 of 3rd period - Ryan Hartman wins face-off versus Anthony Cirelli in Icehogs zone.
4:46 of 3rd period - Ryan Hartman is hit by Brock Boeser.
4:54 of 3rd period - Wrist shot by Sam Reinhart.
4:54 of 3rd period - Shot Misses the Net.
4:56 of 3rd period - Snap shot by Sam Reinhart.
4:56 of 3rd period - Shot Blocked by Jacob Larsson.
4:58 of 3rd period - Slapshot by Petter Granberg.
4:58 of 3rd period - Stopped by Kaapo Kahkonen without a rebound.
4:59 of 3rd period - Ryan Hartman wins face-off versus Anthony Cirelli in Crunch zone.
5:00 of 3rd period - Wrist shot by Sam Reinhart.
5:00 of 3rd period - Stopped by Kaapo Kahkonen without a rebound.
5:01 of 3rd period - Anthony Cirelli wins face-off versus Ryan Hartman in Crunch zone.
5:03 of 3rd period - Minor Penalty to Jeremy Lauzon for Hooking.
5:04 of 3rd period - Ryan Hartman wins face-off versus William Nylander in Crunch zone.
5:04 of 3rd period - Slapshot by Sam Reinhart.
5:04 of 3rd period - Shot Misses the Net.
5:10 of 3rd period - Snap shot by Craig Cunningham.
5:10 of 3rd period - Goal by Craig Cunningham - Icehogs : 4 - Crunch : 1.
5:11 of 3rd period - Anthony Cirelli wins face-off versus Ryan Hartman in neutral zone.
5:14 of 3rd period - Wrist shot by Brock Boeser.
5:14 of 3rd period - Shot Misses the Net.
5:25 of 3rd period - Minor Penalty to Brock Boeser for Holding.
5:26 of 3rd period - Ryan Hartman wins face-off versus William Nylander in Crunch zone.
7:25 of 3rd period - Penalty to Brock Boeser is over, Brock Boeser is back on ice.
7:41 of 3rd period - Slapshot by Petter Granberg.
7:41 of 3rd period - Deflect By Mattias Janmark.
7:41 of 3rd period - Shot Misses the Net.
7:41 of 3rd period - Puck is out of play.
7:42 of 3rd period - Dillon Dube wins face-off versus Dylan Strome in Crunch zone.
8:30 of 3rd period - Jeremy Lauzon is hit by Mikhail Grigorenko and loses puck.
9:19 of 3rd period - Dillon Dube is hit by Jacob Larsson and loses puck.
10:03 of 3rd period - Wrist shot by Mattias Janmark.
10:03 of 3rd period - Goal by Mattias Janmark - Icehogs : 5 - Crunch : 1.
10:04 of 3rd period - Ryan Hartman wins face-off versus Christoffer Ehn in neutral zone.
10:29 of 3rd period - Dylan Strome is hit by Mattias Janmark and loses puck.
11:29 of 3rd period - William Nylander is hit by Julius Honka.
11:43 of 3rd period - Wrist shot by Julius Honka.
11:43 of 3rd period - Shot Blocked by Kyle Capobianco.
11:45 of 3rd period - Wrist shot by Jackson Cates.
11:45 of 3rd period - Goal by Jackson Cates - Icehogs : 6 - Crunch : 1.
11:46 of 3rd period - Ryan Hartman wins face-off versus Anthony Cirelli in neutral zone.
12:11 of 3rd period - Charles-Olivier Roussel is hit by Tanner Richard and loses puck.
12:32 of 3rd period - Slapshot by Nick Mattson.
12:32 of 3rd period - Stopped by Kaapo Kahkonen without a rebound.
12:33 of 3rd period - Dillon Dube wins face-off versus Dylan Strome in Crunch zone.
12:42 of 3rd period - Slapshot by Ben Harpur.
12:42 of 3rd period - Stopped by Kaapo Kahkonen with a rebound.
12:44 of 3rd period - Wrist shot by Myles Bell.
12:44 of 3rd period - Shot Misses the Net.
12:46 of 3rd period - Backhand shot by Nikita Scherbak.
12:46 of 3rd period - Deflect By Myles Bell.
12:46 of 3rd period - Stopped by Kaapo Kahkonen with a rebound.
12:48 of 3rd period - Snap shot by Nikita Scherbak.
12:48 of 3rd period - Shot Blocked by Brendan Guhle.
13:25 of 3rd period - Wrist shot by Nicolas Aube-Kubel.
13:25 of 3rd period - Shot Misses the Net.
13:45 of 3rd period - Wrist shot by Mitch Callahan.
13:45 of 3rd period - Shot Blocked by Philippe Myers.
13:47 of 3rd period - Slapshot by Kyle Capobianco.
13:47 of 3rd period - Shot Blocked by Julius Honka.
13:49 of 3rd period - Wrist shot by Connor Bunnaman.
13:49 of 3rd period - Shot Misses the Net.
13:51 of 3rd period - Wrist shot by Connor Bunnaman.
13:51 of 3rd period - Shot Misses the Net.
13:53 of 3rd period - Snap shot by Connor Bunnaman.
13:53 of 3rd period - Deflect By Mitch Callahan.
13:53 of 3rd period - Stopped by Mackenzie Blackwood without a rebound.
13:54 of 3rd period - Anthony Cirelli wins face-off versus Ryan Hartman in Icehogs zone.
13:55 of 3rd period - Snap shot by Brock Boeser.
13:55 of 3rd period - Stopped by Mackenzie Blackwood without a rebound.
13:56 of 3rd period - Ryan Hartman wins face-off versus Anthony Cirelli in Icehogs zone.
14:09 of 3rd period - Ryan Hartman is hit by Brock Boeser.
14:28 of 3rd period - Backhand shot by William Nylander.
14:28 of 3rd period - Stopped by Mackenzie Blackwood with a rebound.
14:30 of 3rd period - Wrist shot by Anthony Cirelli.
14:30 of 3rd period - Goal by Anthony Cirelli - Icehogs : 6 - Crunch : 2.
14:31 of 3rd period - Craig Cunningham wins face-off versus Nicolas Aube-Kubel in neutral zone.
14:57 of 3rd period - Tanner Richard is hit by Brendan Guhle and loses puck.
15:04 of 3rd period - Snap shot by Mikhail Grigorenko.
15:04 of 3rd period - Stopped by Kaapo Kahkonen with a rebound.
15:06 of 3rd period - Wrist shot by Curtis Lazar.
15:06 of 3rd period - Shot Misses the Net.
15:27 of 3rd period - Minor Penalty to Dalton Smith for Holding.
15:28 of 3rd period - Ryan Hartman wins face-off versus William Nylander in Crunch zone.
16:23 of 3rd period - William Nylander is hit by Tanner Richard and loses puck.
17:19 of 3rd period - Icing by Mikhail Grigorenko.
17:20 of 3rd period - Anthony Cirelli wins face-off versus Tanner Richard in Icehogs zone.
17:27 of 3rd period - Penalty to Dalton Smith is over, Dalton Smith is back on ice.
17:33 of 3rd period - Snap shot by Dylan Strome.
17:33 of 3rd period - Shot Blocked by Petter Granberg.
17:35 of 3rd period - Wrist shot by Dylan Strome.
17:35 of 3rd period - Shot Misses the Net.
17:37 of 3rd period - Slapshot by Brendan Guhle.
17:37 of 3rd period - Shot Misses the Net.
17:39 of 3rd period - Slapshot by Kevin Fiala.
17:39 of 3rd period - Shot Hit the Post.
17:41 of 3rd period - Slapshot by Brendan Guhle.
17:41 of 3rd period - Shot Misses the Net.
17:43 of 3rd period - Snap shot by Dalton Smith.
17:43 of 3rd period - Stopped by Mackenzie Blackwood without a rebound.
17:44 of 3rd period - Ryan Hartman wins face-off versus Anthony Cirelli in Icehogs zone.
17:44 of 3rd period - Ryan Hartman is hit by Anthony Cirelli.
18:22 of 3rd period - Christoffer Ehn is hit by Nick Mattson and loses puck.
18:42 of 3rd period - Off-side.
18:43 of 3rd period - Sam Reinhart wins face-off versus Anthony Cirelli in neutral zone.
19:00 of 3rd period - Brendan Guhle is hit by Petter Granberg and loses puck.
19:19 of 3rd period - Snap shot by Teemu Hartikainen.
19:19 of 3rd period - Stopped by Mackenzie Blackwood with a rebound.
19:21 of 3rd period - Snap shot by Brendan Guhle.
19:21 of 3rd period - Deflect By Petter Granberg.
19:21 of 3rd period - Stopped by Mackenzie Blackwood with a rebound.
Goals for this period are 3 for Icehogs vs 1 for Crunch.
Shots for this period are 10 for Icehogs vs 10 for Crunch.
Output by the SimonT Hockey Simulator (STHS) for Francois Prevost